 Dungeon Crawl Stone Soup version 0.28-a0-932-g843f935a50 (webtiles) character file.

Game seed: 7655600459595837405

1290 Peloso the Slasher (level 8, 0/70 HPs)
             Began as a Minotaur Fighter on Nov 27, 2021.
             Was a Follower of Okawaru.
             Slain by Pikel (16 damage)
             ... on level 4 of the Dungeon.
             The game lasted 00:06:07 (5116 turns).

Peloso the Slasher (Minotaur Fighter)               Turns: 5116, Time: 00:06:08

Health: 0/70       AC: 11    Str: 27    XL:     8   Next: 30%
Magic:  7/7        EV:  9    Int:  5    God:    Okawaru [*.....]
Gold:   383        SH:  5    Dex: 12    Spells: 7/7 levels left

rFire   . . .      SeeInvis .   a - +0 long sword
rCold   . . .      Faith    .   c - +0 buckler
rNeg    . . .      Spirit   .   i - +0 chain mail
rPois   .          Reflect  .   (helmet restricted)
rElec   .          Harm     .   l - +0 cloak
rCorr   .          Rampage  .   (no gloves)
Will    .....                   (no boots)
Stlth   ..........              (no amulet)
HPRegen 0.21/turn               j - +6 ring of strength
MPRegen 0.10/turn               (no ring)

@: no status effects
A: horns 2, retaliatory headbutt
a: Renounce Religion, Heroism


You were on level 4 of the Dungeon.
You worshipped Okawaru.
Okawaru was aware of your devotion.
You visited 2 branches of the dungeon, and saw 6 of its levels.

You collected 383 gold pieces.

Inventory:

Hand Weapons
 a - a +0 long sword (weapon)
Missiles
 v - a throwing net (quivered)
Armour
 b - a +0 scale mail
 c - a +0 buckler (worn)
 i - a +0 chain mail (worn)
 l - a +0 cloak (worn)
Jewellery
 j - a +6 ring of strength (left hand)
 s - a ring of fire
Scrolls
 e - a scroll of enchant weapon {unknown}
 f - 5 scrolls of identify {unknown}
 g - 3 scrolls of teleportation {unknown}
 k - 2 scrolls of vulnerability {unknown}
 m - a scroll of noise {unknown}
 o - 2 scrolls of fear {unknown}
 p - 2 scrolls of amnesia {unknown}
 r - 2 scrolls of enchant armour {unknown}
 u - a scroll of blinking {unknown}
 w - a scroll of fog {unknown}
 x - a scroll of immolation {unknown}
Potions
 d - 2 potions of might
 h - a potion of brilliance {unknown}
 n - a potion of lignification {unknown}
 q - a potion of mutation {unknown}
 t - a potion of curing {unknown}
 z - 2 potions of attraction {unknown}


   Skills:
 + Level 6.2 Fighting
 + Level 7.6 Long Blades
 + Level 7.1 Armour
 + Level 2.9 Dodging
 + Level 0.3 Stealth
 + Level 5.4 Shields


You had 7 spell levels left.
You didn't know any spells.
Your spell library contained the following spells:

 Spells                   Type           Power      Damage    Failure   Level
 Beastly Appendage        Tmut           0%         N/A       95%         1
 Wereblood                Tmut           0%         N/A       99%         2
 Gell's Gravitas          Tloc           0%         N/A       100%        3
 Lesser Beckoning         Tloc           0%         N/A       100%        3
 Spider Form              Tmut/Pois      0%         N/A       100%        3
 Teleport Other           Tloc           0%         N/A       100%        3


Dungeon Overview and Level Annotations

Branches:
Dungeon (5/15)             Temple (1/1) D:5

Altars:
Ashenzari
Elyvilon
Gozag
Hepliaklqana
Kikubaaqudgha
Makhleb
Nemelex Xobeh
Okawaru
Qazlal
Ru
Sif Muna
Trog
Uskayaw
Vehumet
Wu Jian
Xom
Yredelemnul
The Shining One

Shops:
D:3 *

Annotations:
D:4 Pikel
D:5 1 transporter, paps's ghost, weakling OpDe


Innate Abilities, Weirdness & Mutations

You have a pair of horns on your head.
You reflexively headbutt those who attack you in melee.


Message History

You hit the ogre.
The ogre is heavily wounded.
The ogre hits you with a +0 giant club!!
You hit the ogre. You headbutt the ogre!
You kill the ogre!
Okawaru accepts your kill.
You can now gain great but temporary skills.
You see here a +0 giant club.
You see here a +0 giant club.
There is a stone staircase leading down, spattered with blood here.
You start resting.
HP restored.
You climb downwards.
Level annotation: 1 transporter, Pikel; paps's ghost, weakling OpDe Pikel hits you with a +1 whip of electrocution.
You are electrocuted!
Pikel closely misses you.
There is a stone staircase leading up here.
Pikel says, "You'll make a fine lemure."
Pikel hits you with a +1 whip of electrocution.
You climb upwards.
There is a stone staircase leading down, spattered with blood here.
You closely miss Pikel. Pikel hits you but does no damage.
You hit Pikel.
Pikel is lightly wounded.
Pikel hits you with a +1 whip of electrocution!
You are electrocuted!
You hit Pikel but do no damage. You headbutt Pikel!
Pikel is moderately wounded.
Pikel barely misses you.
You slash Pikel!
Pikel is heavily wounded.
Pikel hits you with a +1 whip of electrocution.
You are electrocuted!
* * * LOW HITPOINT WARNING * * *
You closely miss Pikel. You headbutt Pikel, but do no damage.
Pikel is heavily wounded.
Pikel hits you with a +1 whip of electrocution.
* * * LOW HITPOINT WARNING * * *
You are electrocuted!
You die...

.....+.._###.## #####..##### #..
..†..###.###.#####.....## ###
.....# #.# #.#.....#####
..##(###'###...#####
.............### #######
..#####...##...## #......
#######.##...#..## #......
........##....#.K# ##......
##.......#.....#@# #######.......
#####.#.#...#..)###>...........[
######.#...##........######......
#...##..##..#...)..).........####
#._.##............###....#####
#...##.#..##.##.####.....####
##..##.#.###..#..##..##.....####
#...##...####....##.####.......#
....##....# ###..#.......##..#.#


You could see Pikel.

Vanquished Creatures
  3 yaks (D:4)
  Edmund (D:5)
  An ogre (D:4)
  2 necrophages
  A lemure (D:4)
  5 wights (D:4)
  A bullfrog zombie (D:5)
  A centaur skeleton (D:4)
  2 iguanas
  An orc wizard (D:3)
  A hound skeleton (D:4)
  Robin (D:3)
  3 adders
  An adder zombie (D:5)
  An adder skeleton (D:4)
  2 worms (D:4)
  3 dart slugs
  2 orcs (D:4)
  6 bats
  8 endoplasms
  3 giant cockroaches
  13 goblins
  7 hobgoblins
  7 kobolds
  2 quokkas
  6 ball pythons
  6 frilled lizards
  3 rats
93 creatures vanquished.

Notes
Turn   | Place    | Note
-------+----------+-------------------------------------------
     0 | D:1      | Peloso the Minotaur Fighter began the quest for the Orb.
     0 | D:1      | Reached XP level 1. HP: 19/19 MP: 0/0
    35 | D:3      | Found a faded altar of an unknown god.
   320 | D:3      | Noticed Robin
   323 | D:3      | Reached XP level 2. HP: 18/27 MP: 1/1
   330 | D:3      | Killed Robin
   519 | D:3      | Found Gogekk's Assorted Antiques.
   647 | D:3      | Reached XP level 3. HP: 33/33 MP: 2/2
  1115 | D:3      | Reached XP level 4. HP: 23/40 MP: 3/3
  1447 | D:4      | Noticed a yak
  1448 | D:4      | Noticed a yak
  1448 | D:4      | Noticed a yak
  1462 | D:4      | Killed a yak
  1463 | D:4      | Reached skill level 5 in Armour
  1463 | D:4      | Reached skill level 1 in Dodging
  1463 | D:4      | Reached XP level 5. HP: 27/47 MP: 4/4
  1468 | D:4      | Killed a yak
  1469 | D:4      | Reached skill level 5 in Long Blades
  1469 | D:4      | Reached XP level 6. HP: 9/53 MP: 5/5
  1472 | D:4      | Killed a yak
  1757 | D:4      | Reached XP level 7. HP: 58/60 MP: 6/6
  1833 | D:4      | Found an opulent altar of Gozag.
  2064 | D:4      | Found a glowing golden altar of the Shining One.
  2074 | D:4      | Reached skill level 5 in Fighting
  2099 | D:4      | HP: 2/59 [wight (1)]
  2653 | D:4      | Found a hazy altar of Hepliaklqana.
  2790 | D:2      | Found a radiant altar of Vehumet.
  2959 | D:2      | Reached skill level 5 in Shields
  4108 | D:5      | Entered Level 5 of the Dungeon
  4272 | D:5      | Found a staircase to the Ecumenical Temple.
  4311 | D:5      | Found a transporter.
  4313 | D:5      | Noticed paps's ghost (weakling OpDe)
  4394 | Temple   | Entered the Ecumenical Temple
  4402 | Temple   | Became a worshipper of Warmaster Okawaru
  4439 | D:5      | Noticed Edmund
  4448 | D:5      | Killed Edmund
  4449 | D:5      | Reached XP level 8. HP: 42/70 MP: 7/7
  4607 | D:5      | Found an ancient bone altar of Kikubaaqudgha.
  4607 | D:5      | Found a sparkling altar of Nemelex Xobeh.
  4677 | D:5      | Noticed Pikel
  4972 | D:4      | Reached * piety under Okawaru
  5116 | D:4      | Slain by Pikel

Illustrated notes

Levels and vault maps discovered:
D:1:      minmay_arrival_doors, layout_basic
D:2:      layout_loops_ring, basic_altar
D:3:      minmay_chambers_of_twos, layout_basic, serial_shops, shop,
          hellmonk_ecumenical_altar_inner_sanctum, uniq_robin
D:4:      layout_rooms, lemuel_doored_altar, nicolae_hepliaklqana_hippocampus,
          nicolae_gozag_cash_rules_everything_around_me,
          kennysheep_generic_room_4
D:5:      layout_basic, gammafunk_temple_overflow_wave, temple_doors_ab,
          gammafunk_ghost_mausoleum, uniq_pikel, uniq_edmund
Temple:   nicolae_temple_x_marks_the_god

Skill      XL: |  1  2  3  4  5  6  7  8 |
---------------+-------------------------+-----
Fighting       | 4 5 6 |  6.2
Armour         | 4 5 6 7 |  7.1
Shields        | 4 5 |  5.4
Long Blades    | 3 4 5 6 7 |  7.6
Dodging        | 1 2 |  2.9
Stealth        | |  0.3

Action                   |  1- 3 |  4- 6 |  7- 9 || total
-------------------------+-------+-------+-------++-------
Melee: Long sword        |    81 |    30 |   158 ||   269
       Headbutt          |     6 |     7 |    41 ||    54
Armor: Scale mail        |    21 |       |       ||    21
       Chain mail        |    43 |     9 |    68 ||   120
Dodge: Dodged            |    44 |    10 |    62 ||   116
Block: Buckler           |    17 |     6 |    37 ||    60

Table legend: (Time is in decaauts)
 A = Elapsed time spent in this place.
 B = Non-inter-level travel time spent in this place.
 C = Inter-level travel time spent in this place.
 D = Time resting spent in this place.
 E = Time spent auto-exploring this place.
 F = Levels seen in this place.
 G = Mean time per level.
                   A        B        C        D        E       F      G
               +--------+--------+--------+--------+--------+-----+--------+
         Total |   5156 |   4917 |    239 |    896 |   3149 |   6 |  859.3 |
       Dungeon |   5139 |   4900 |    239 |    896 |   3149 |   5 | 1027.8 |
        Temple |     16 |     16 |      0 |      0 |      0 |   1 |   16.0 |
               +--------+--------+--------+--------+--------+-----+--------+

Top non-repeatable levels by time:
     D:4: 1737 daAuts
     D:3: 1400 daAuts
     D:1: 766 daAuts
     D:2: 626 daAuts
     D:5: 607 daAuts
  Temple: 16 daAuts
